 Dungeon Crawl Stone Soup version 0.27.0-1-g7a089689b8 (webtiles) character file.

Game seed: 16004091099064956355

1487 avis the Martial Artist (level 8, -3/54 HPs)
             Began as an Octopode Transmuter on Aug 2, 2021.
             Slain by an acid dragon (6 damage)
             ... on level 6 of the Dungeon.
             The game lasted 00:33:45 (7211 turns).

avis the Martial Artist (Octopode Transmuter)       Turns: 7211, Time: 00:33:45

Health: -3/54      AC:  2    Str: 11    XL:     8   Next: 80%
Magic:  10/12      EV: 19    Int: 21    God:
Gold:   337        SH:  0    Dex: 18    Spells: 5/13 levels left

rFire    . . .     SeeInvis .     - Unarmed
rCold    . . .     Faith    .   (shield currently unavailable)
rNeg     . . .     Spirit   .   (helmet currently unavailable)
rPois    x         Reflect  .   (no amulet)
rElec    .         Harm     .   k - ring of willpower
rCorr    .         Rampage  .   w - +6 ring of intelligence
Will     +....                  (no ring)
Stlth    ++........             (no ring)
HPRegen  0.18/turn              (no ring)
MPRegen  0.13/turn              (no ring)
                                (no ring)
                                (no ring)

@: spider-form
A: venomous fangs, almost no armour, (amphibious), 8 rings, tiny, (camouflage
1), (gelatinous body 1), (nimble swimmer 1), (tentacles)
a: End Transformation


You were on level 6 of the Dungeon.
You were a venomous arachnid creature.
You visited 1 branch of the dungeon, and saw 7 of its levels.

You collected 337 gold pieces.

Inventory:

Missiles
 b - 148 stones
 e - 53 arrows
 l - 9 boomerangs
 o - 63 bolts
 p - 21 sling bullets
 v - 21 poisoned darts
Armour
 q - a +0 buckler
 x - a +0 buckler
Jewellery
 k - a ring of willpower (left front leg)
 w - a +6 ring of intelligence (right front leg)
 y - an amulet of faith
Wands
 g - a wand of charming (6)
 n - a wand of mindburst (18)
 C - a wand of iceblast (7)
 D - a wand of flame (23)
Scrolls
 f - 2 scrolls of identify {unknown}
 h - a scroll of noise {unknown}
 i - a scroll of fear {unknown}
 j - a scroll of magic mapping {unknown}
 m - 2 scrolls of immolation {unknown}
 r - a scroll of brand weapon {unknown}
 u - a scroll of enchant weapon {unknown}
 B - 2 scrolls of vulnerability {unknown}
 E - a scroll of fog {unknown}
 F - a scroll of amnesia {unknown}
 H - a scroll of enchant armour {unknown}
Potions
 a - 2 potions of might {unknown}
 c - 3 potions of heal wounds {unknown}
 d - 3 potions of brilliance {unknown}
 s - a potion of attraction {unknown}
 t - 2 potions of curing {unknown}
 z - 2 potions of lignification {unknown}
 A - a potion of degeneration {unknown}
 G - a potion of berserk rage {unknown}


   Skills:
 - Level 4.0 Fighting
 - Level 2.0 Dodging
 - Level 2.0 Stealth
 - Level 9.0 Unarmed Combat
 - Level 3.0 Spellcasting
 * Level 3.4 Transmutations
 - Level 2.0 Ice Magic
 - Level 2.0 Poison Magic


You had 5 spell levels left.
You knew the following spells:

 Your Spells              Type           Power      Damage    Failure   Level
a - Beastly Appendage     Tmut           34%        N/A       11%         1
p - Spider Form           Tmut/Pois      7%         N/A       30%         3
q - Ice Form              Ice/Tmut       14%        N/A       63%         4

Your spell library contained the following spells:

 Spells                   Type           Power      Damage    Failure   Level
 Wereblood                Tmut           17%        N/A       14%         2
 Freeze                   Ice            44%        1d6       17%         1
 Magic Dart               Conj           12%        1d3       30%         1
 Summon Small Mammal      Summ           12%        N/A       30%         1
 Frozen Ramparts          Ice            22%        1d4       36%         3
 Ozocubu's Armour         Ice            11%        N/A       36%         3
 Call Imp                 Summ           3%         N/A       41%         2
 Mephitic Cloud           Conj/Pois/Air  5%         N/A       52%         3
 Call Canine Familiar     Summ           3%         N/A       58%         3
 Summon Guardian Golem    Hex/Summ       3%         N/A       58%         3
 Tukima's Dance           Hex            3%         N/A       58%         3
 Hailstorm                Conj/Ice       7%         3d4       83%         4
 Passage of Golubria      Tloc           N/A        N/A       91%         4
 Yara's Violent Unravell  Hex/Tmut       5%         3d4       96%         5
 Ozocubu's Refrigeration  Ice            5%         4d6       100%        7


Dungeon Overview and Level Annotations

Branches:
Dungeon (7/15)             Temple (0/1) D:6

Altars:
Elyvilon
Hepliaklqana
Makhleb
Ru
The Shining One
Beogh

Annotations:
D:3 3 runed translucent doors, TheBeaver's ghost, weakling DsMo


Innate Abilities, Weirdness & Mutations

You are a venomous arachnid creature.
You have poisonous fangs.
You are tiny and dextrous.
Your spellcasting is less reliable in this form.
Your armour is entirely melded.
You are incapable of wielding weapons or throwing items.
You cannot wear most types of armour.
((You are amphibious.))
You can wear up to eight rings at the same time.
((Your skin changes colour to match your surroundings (Stealth+).))
((Your rubbery body absorbs attacks. (AC +1, EV +1)))
((You are camouflaged near water. (Stealth+)))
((You have tentacles for arms and can constrict up to eight enemies at once.))


Message History

Your transformation has ended.
There is a stone staircase leading up here.
You climb upwards.
There is a stone staircase leading down here.
Magic restored.
You see here a +0 leather armour.
There is a stone staircase leading down here.
Casting: Spider Form (dangerous; 13% risk of failure)
Confirm with . or Enter, or press ? or * to list all spells.
You turn into a venomous arachnid creature.
You climb downwards.
Found 12 gold pieces.
There is a stone staircase leading up here.
You see here 12 gold pieces.
You now have 337 gold pieces (gained 12).
The orc shouts!
The orc throws a boomerang.
The boomerang closely misses you.
You bite the orc!
You kill the orc!
Your transformation is almost over.
l - 9 boomerangs (gained 2)
You see here a +0 club.
Your transformation has ended.
Magic restored.
An acid dragon is nearby!
Casting: Spider Form (dangerous; 13% risk of failure)
Confirm with . or Enter, or press ? or * to list all spells.
You turn into a venomous arachnid creature.
The acid dragon roars!
The acid dragon spits acid at you. The splash of acid hits you!
You are splashed with acid!
The acid dragon spits acid at you. The splash of acid hits you!
* * * LOW HITPOINT WARNING * * *
You are splashed with acid!
* * * LOW HITPOINT WARNING * * *
You bite the acid dragon!
The acid dragon is moderately wounded.
The acid dragon bites you.
You die...

#.# #.# .##
##.###.## ... ...
... .. #.#
#.#.####.....
#.###.............
#....##.#..#......
#.<#..............
#..D.####.........
#.#s## #.........
#.#.#####..#......
..#.##....).......
#.##.##.##......#..
#. #.##.##..#####
#. #.##.##..# #.
#........#
#.....##.#####..
..................


You could see an acid dragon.

Vanquished Creatures
  A water moccasin (D:5)
  A sky beast (D:5)
  A black bear (D:4)
  3 ogres
  2 necrophages
  2 scorpions
  4 howler monkeys
  A centaur zombie (D:7)
  2 hounds
  A bullfrog skeleton (D:5)
  A centaur skeleton (D:7)
  5 iguanas
  An orc wizard (D:4)
  A hound skeleton (D:5)
  A howler monkey zombie (D:7)
  8 adders
  A shadow imp (D:5)
  2 white imps
  An adder skeleton (D:4)
  4 worms
  A dart slug (D:1)
  5 orcs
  7 endoplasms
  5 goblins
  9 hobgoblins
  6 jackals
  A quokka (D:1)
  7 ball pythons
  2 bats
  2 frilled lizards
  9 kobolds
  2 rats
99 creatures vanquished.

Notes
Turn   | Place    | Note
-------+----------+-------------------------------------------
     0 | D:1      | avis the Octopode Transmuter began the quest for the Orb.
     0 | D:1      | Reached XP level 1. HP: 13/13 MP: 3/3
   412 | D:1      | Reached XP level 2. HP: 15/19 MP: 3/5
   417 | D:1      | Noticed a golden eye
   440 | D:1      | Found a faded altar of an unknown god.
   442 | D:1      | Noticed a golden eye
   442 | D:1      | Noticed an eye of devastation
   442 | D:1      | Noticed a great orb of eyes
  1043 | D:2      | Reached XP level 3. HP: 24/24 MP: 4/6
  1050 | D:2      | Learned a level 3 spell: Spider Form
  1176 | D:2      | You fall into a shaft and drop 1 floor!
  1188 | D:3      | Noticed an ogre
  1197 | D:3      | Killed an ogre
  1198 | D:3      | Reached skill level 4 in Unarmed Combat
  1198 | D:3      | Reached XP level 4. HP: 10/30 MP: 3/7
  1305 | D:3      | Reached XP level 5. HP: 22/35 MP: 5/8
  2958 | D:3      | Learned a level 4 spell: Ice Form
  2966 | D:3      | Found a runed translucent gate.
  2967 | D:3      | Found a runed translucent gate.
  2967 | D:3      | Noticed TheBeaver's ghost (weakling DsMo)
  2968 | D:3      | Found a runed translucent gate.
  2968 | D:3      | Identified the +8 mace of the Warrior-Mage {vamp, Drain
                  | Int+6}
  2968 | D:3      | Identified the +6 ring mail "Liukipeu" {Contam Harm rC+}
  3377 | D:3      | Found a glowing golden altar of the Shining One.
  3983 | D:4      | Reached skill level 5 in Unarmed Combat
  4033 | D:4      | Reached XP level 6. HP: 24/42 MP: 6/10
  4069 | D:4      | Noticed a necrophage
  4445 | D:4      | Killed a necrophage
  4732 | D:4      | Reached skill level 6 in Unarmed Combat
  4732 | D:4      | Reached XP level 7. HP: 46/46 MP: 8/11
  5176 | D:4      | Found a white marble altar of Elyvilon.
  5399 | D:5      | Entered Level 5 of the Dungeon
  5547 | D:5      | Reached skill level 7 in Unarmed Combat
  5547 | D:5      | Found a sacrificial altar of Ru.
  5809 | D:5      | Reached XP level 8. HP: 30/54 MP: 8/12
  6158 | D:5      | You fall into a shaft and drop 2 floors!
  6346 | D:7      | Reached skill level 8 in Unarmed Combat
  6534 | D:6      | Found a burning altar of Makhleb.
  6621 | D:5      | Reached skill level 9 in Unarmed Combat
  7017 | D:5      | Found a hazy altar of Hepliaklqana.
  7125 | D:6      | Found a staircase to the Ecumenical Temple.
  7211 | D:6      | Slain by an acid dragon

Illustrated notes

Levels and vault maps discovered:
D:1:      psy_arrival_spokes, layout_loops_ring,
          hellmonk_ecumenical_altar_watching_god, grunt_decor_one_mirror
D:2:      layout_basic
D:3:      layout_loops_ring, old_standard_altar, biasface_ghost_orc_armoury,
          kennysheep_generic_room_5
D:4:      layout_cave_pools, elyvilon_altar_1, kennysheep_diamond,
          grunt_decor_fettered
D:5:      layout_loops_cross, nicolae_ru_path_of_blood,
          nzn_hepliaklqana_mist_gate
D:6:      layout_loops_ring, mainiacjoe_overflow_cross_hatched,
          minmay_temple_entry_mini_moons
D:7:      layout_basic, kennysheep_little_box, eat_drink_and_be_merry_uskayaw,
          grunt_ministairs_6, doesnt_shop_hydraphobe

Skill      XL: |  1  2  3  4  5  6  7  8 |
---------------+-------------------------+-----
Fighting       | 2 3 4 |  4.0
Stealth        | 2 |  2.0
Poison Magic   | 2 |  2.0
Unarmed Combat | 4 5 6 7 9 |  9.0
Spellcasting   | 3 |  3.0
Transmutations | 3 |  3.4
Ice Magic      | 2 |  2.0
Dodging        | |  2.0

Action                   |  1- 3 |  4- 6 |  7- 9 || total
-------------------------+-------+-------+-------++-------
Melee: Unarmed           |    29 |   126 |   118 ||   273
       Constrict         |     8 |     8 |     3 ||    19
       Kick              |     7 |     8 |     7 ||    22
       Tentacles         |     3 |     7 |     4 ||    14
       Punch             |     1 |       |     1 ||     2
 Cast: Beastly Appendage |     9 |    12 |     7 ||    28
       Spider Form       |     3 |    22 |    22 ||    47
 Stab: Sleeping          |     1 |     9 |     1 ||    11
Armor: Skin              |     1 |     9 |     8 ||    18
Dodge: Dodged            |    13 |    78 |    80 ||   171
